 Dungeon Crawl Stone Soup version 0.17-a0-2147-gfb20a63 (webtiles) character file.

2395 M4edhros the Covert (level 9, -8/57 HPs)
             Began as an Octopode Artificer on Oct 24, 2015.
             Was an Initiate of Fedhas.
             Killed from afar by an orc (20 damage)
             ... with a wand of lightning
             ... on level 7 of the Dungeon.
             The game lasted 00:14:12 (7905 turns).

M4edhros the Covert (Octopode Artificer)            Turns: 7905, Time: 00:14:13

Health: -8/57      AC:  2    Str: 11    XL:     9   Next: 46%
Magic:  14/14      EV: 13    Int: 20    God:    Fedhas [......]
Gold:   412        SH:  0    Dex: 18    Spells: 2 memorised, 4 levels left

rFire  . . .     SeeInvis .     b - +2 whip (distort)
rCold  . . .     Clarity  .     (no shield)
rNeg   . . .     SustAt   .     q - +1 hat
rPois  .         Gourm    .     s - amulet of resist corrosion
rElec  .         Spirit   .     n - ring of wizardry
rCorr  +         Warding  .     g - +3 ring of dexterity
rMut   .         Stasis   .     (no ring)
MR     .....                    (no ring)
Stlth  ++++++....               C - +6 ring of intelligence
                                (no ring)
                                (no ring)
                                (no ring)

@: not resistant to hostile enchantments, very stealthy
A: almost no armour, amphibious, 8 rings, constrict 8, camouflage 1, breathe
flames 1, gelatinous body 1
a: Renounce Religion, Breathe Fire


You were on level 7 of the Dungeon.
You worshipped Fedhas.
Fedhas was noncommittal.
You were very hungry.

You visited 2 branches of the dungeon, and saw 8 of its levels.

You collected 412 gold pieces.

Inventory:

Hand Weapons
 a - a +0 short sword
 b - a +2 whip of distortion (weapon)
 A - a cursed +3 trident
Missiles
 m - 147 stones (quivered)
 p - 25 sling bullets
Armour
 q - a +1 hat (worn)
Jewellery
 g - a +3 ring of dexterity (right tentacle)
 n - a ring of wizardry (left tentacle)
 s - an amulet of resist corrosion (around mantle)
 C - a +6 ring of intelligence (on tentacle)
Wands
 c - a wand of enslavement (11)
 d - a wand of random effects (0)
 o - a wand of magic darts (15)
Scrolls
 j - 2 scrolls of amnesia
 y - a scroll of teleportation
 z - 3 scrolls of identify
 B - a scroll of blinking
 D - 2 scrolls of fog {unknown}
 H - a scroll of remove curse
Potions
 h - 2 potions of cancellation
 i - 6 potions of brilliance {unknown}
 l - 2 potions of heal wounds {unknown}
 r - 2 potions of ambrosia {unknown}
 t - 2 potions of degeneration {unknown}
 u - a potion of curing
 v - 2 potions of poison {unknown}
 w - a potion of haste {unknown}
 x - 2 potions of resistance {unknown}
 G - a potion of mutation {unknown}
Books
 E - a book of Geomancy

   Spells                             Type                      Level
   a - Sandblast                      Earth                        1
   b - Stoneskin                      Transmutation/Earth          2
   c - Passwall                       Transmutation/Earth          3
   d - Stone Arrow                    Conjuration/Earth            3
   e - Petrify                        Transmutation/Earth          4
   f - Lee's Rapid Deconstruction     Earth                        5
 F - a book of the Earth

   Spells                             Type                      Level
   a - Leda's Liquefaction            Hexes/Earth                  4
   b - Bolt of Magma                  Conjuration/Fire/Earth       5
   c - Statue Form                    Transmutation/Earth          6
   d - Iron Shot                      Conjuration/Earth            6
   e - Shatter                        Earth                        9
Comestibles
 e - 8 bread rations
 f - 3 meat rations
 k - 4 fruits


   Skills:
 + Level 3.2 Fighting
 - Level 1.0 Short Blades
 * Level 7.0 Maces & Flails
 - Level 2.0 Dodging
 + Level 8.2 Stealth
 * Level 0.5 Spellcasting
 * Level 0.4 Conjurations
 * Level 0.4 Earth Magic
 * Level 4.3 Invocations
 + Level 7.7 Evocations


You had 4 spell levels left.
You knew the following spells:

 Your Spells              Type           Power        Failure   Level  Hunger
a - Stoneskin             Trmt/Erth      #.......     12%         2    ###....
b - Stone Arrow           Conj/Erth      #.....       21%         3    ####...


Dungeon Overview and Level Annotations

Branches:
Dungeon (7/15)             Temple (1/1) D:5

Altars:
Ashenzari
Cheibriados
Elyvilon
Fedhas
Gozag
Kikubaaqudgha
Makhleb
Nemelex Xobeh
Okawaru
Qazlal
Ru
Trog
Vehumet
Xom
Yredelemnul
Zin
The Shining One


Innate Abilities, Weirdness & Mutations

You cannot wear most types of armour.
You are amphibious.
You can wear up to eight rings at the same time.
You can use your tentacles to constrict eight enemies at once.
Your skin changes colour to match your surroundings (Stealth).
Your rubbery body absorbs attacks (AC +1).
You can breathe flames.


Message History

There is a fountain of clear blue water here.
You walk carefully through the plants.
An orc and an orc warrior come into view.
An ice beast comes into view.
An orc comes into view.
The orc warrior hits your wandering mushroom with a hand axe!
An orc comes into view. It is wielding a dagger.
The orc zaps a wand.
The bolt of lightning hits you!
It is a wand of lightning.
Your wandering mushroom closely misses the scorpion.
The scorpion stings your wandering mushroom!
Your wandering mushroom releases spores at the scorpion!
The scorpion dies!
Your wandering mushroom releases spores at the orc!
The orc dies!
You walk carefully through the plants.
The orc zaps a wand.
The bolt of lightning hits you!
* * * LOW HITPOINT WARNING * * *
The orc zaps a wand.
The bolt of lightning hits you!
You die...
Fedhas appreciates your contribution to the ecosystem.

....# #.........................
....####.........................
.....................####........
####...oo...#........####........
............#....................
............#....................
.........f..#....................
............#....#...............
....o###o.P##...@########........
....P#Y._._##....# #........
####P...P.P.#....# #........
##...⌠.o.#.#### #........
##....P#o.# ####### ###.###o.#
#.....## #######


You could see an orc warrior and an orc.

Vanquished Creatures
  The ghost of Ijustatesigmund the Covert, a novice OpWz of Cheibriados (D:7)
  An orc warrior (D:6)
  2 sky beasts
  A phantom (D:6)
  2 ogres
  3 scorpions (D:5)
  3 wights (D:6)
  A hound (D:7)
  4 crimson imps
  A centaur skeleton (D:4)
  2 orc wizards (D:5)
  An orc priest (D:6)
  Ijyb (D:2)
  3 iguanas
  A jelly (D:6)
  2 giant frog skeletons (D:6)
  3 worker ants
  A hound skeleton (D:4)
  15 adders
  11 gnolls
  2 worker ant zombies
  2 shadow imps (D:6)
  An ooze (D:2)
  An adder skeleton (D:7)
  15 orcs
  3 ball pythons
  5 goblins
  6 hobgoblins
  4 quokkas
  3 bats
  3 giant cockroaches
  A giant cockroach zombie (D:5)
  5 giant geckos
  2 giant gecko skeletons (D:4)
  6 giant newts
  A jackal (D:5)
  A jackal skeleton (D:4)
  10 kobolds
  A quokka skeleton (D:4)
  13 rats
144 creatures vanquished.

Vanquished Creatures (collateral kills)
  An ice beast (D:7)
  A wyvern skeleton (D:7)
  A scorpion (D:7)
  An iguana (D:7)
  An orc (D:7)
  A goblin (D:3)
6 creatures vanquished.

Vanquished Creatures (others)
  A wandering mushroom (D:7)
  A phantom (D:6)
  A giant frog (D:6)
  A crimson imp (D:5)
  An orc priest (D:5)
  2 orc wizards
  An adder (D:3)
  A shadow imp (D:7)
  A jackal (D:5)
  27 toadstools
37 creatures vanquished.

Grand Total: 187 creatures vanquished

Notes
Turn   | Place    | Note
--------------------------------------------------------------
     0 | D:1      | M4edhros the Octopode Artificer began the quest for the Orb.
     0 | D:1      | Reached XP level 1. HP: 13/13 MP: 3/3
   198 | D:2      | Reached XP level 2. HP: 11/18 MP: 4/4
   284 | D:2      | Reached skill level 4 in Evocations
   771 | D:2      | Noticed Ijyb
   780 | D:2      | Killed Ijyb
   780 | D:2      | Reached skill level 5 in Evocations
   780 | D:2      | Reached XP level 3. HP: 19/23 MP: 6/6
   935 | D:2      | Reached XP level 4. HP: 18/28 MP: 7/7
  2568 | D:3      | Reached XP level 5. HP: 30/33 MP: 9/9
  3816 | D:3      | Reached skill level 1 in Maces & Flails
  4003 | D:3      | Reached XP level 6. HP: 23/38 MP: 10/10
  4008 | D:3      | Reached skill level 6 in Evocations
  4342 | D:4      | Found a radiant altar of Vehumet.
  4925 | D:5      | Entered Level 5 of the Dungeon
  4946 | D:5      | Reached skill level 5 in Stealth
  4946 | D:5      | Reached XP level 7. HP: 37/43 MP: 11/11
  5091 | D:5      | Found a staircase to the Ecumenical Temple.
  5105 | Temple   | Entered the Ecumenical Temple
  5275 | Temple   | Became a worshipper of Fedhas Madash
  5651 | D:5      | Reached XP level 8. HP: 37/48 MP: 13/13
  5666 | D:5      | Reached skill level 5 in Maces & Flails
  5787 | D:5      | Found an opulent altar of Gozag.
  5921 | D:5      | Reached skill level 7 in Evocations
  6210 | D:6      | Reached skill level 1 in Invocations
  6445 | D:6      | Found a basalt altar of Yredelemnul.
  6470 | D:6      | Found a shimmering altar of Xom.
  6501 | D:6      | Reached * piety under Fedhas
  7197 | D:7      | Reached XP level 9. HP: 55/55 MP: 14/14
  7221 | D:7      | Noticed Ijustatesigmund's ghost (novice OpWz)
  7518 | D:7      | Killed Ijustatesigmund's ghost
  7518 | D:7      | Reached skill level 8 in Stealth
  7522 | D:7      | Gained mutation: You can breathe flames. [mutagenic meat]
  7523 | D:7      | Gained mutation: You are frail (-10% HP). [mutagenic meat]
  7524 | D:7      | Lost mutation: You are frail (-10% HP). [mutagenic meat]
  7558 | D:7      | Learned a level 2 spell: Stoneskin
  7562 | D:7      | Learned a level 3 spell: Stone Arrow
  7842 | D:7      | Found a snail-covered altar of Cheibriados.
  7842 | D:7      | Found a bloodstained altar of Trog.
  7842 | D:7      | Found a glowing silver altar of Zin.
  7905 | D:7      | Killed from afar by an orc

Vault maps used:
D:1:      dpeg_arrival_radiant
D:2:      serial_bayou, serial_bayou_lagoon_a, serial_bayou_ford_a,
          serial_bayou_pond_b, serial_bayou_shore_b, uniq_iyjb
D:3:      hangedman_decor_points
D:4:      nicolae_overflow_crystal_walls, first_bread
D:5:      lemuel_doored_altar, temple_fountains
D:6:      xom_teletrap_fun, lemuel_round_altar
D:7:      lemuel_upstairs_altar, gammafunk_temple_overflow_forgotten,
          serial_shops, shop_statue
Temple:   roderic_octagonal_lattice_temple

Action                   |  1- 3 |  4- 6 |  7- 9 || total
-------------------------+-------+-------+-------++-------
Melee: Short sword       |    39 |    92 |       ||   131
       Whip              |       |    77 |   169 ||   246
Invok: Evolution         |       |       |     2 ||     2
Evoke: Wand              |     9 |    12 |    15 ||    36
  Use: Scroll            |     3 |     5 |     1 ||     9
       Potion            |       |     1 |     1 ||     2
 Stab: Sleeping          |     5 |    11 |    21 ||    37
       Distracted        |       |     2 |     4 ||     6
  Eat: Chunk             |       |     4 |     3 ||     7
       Meat ration       |       |     2 |     1 ||     3
       Beef jerky        |       |       |     1 ||     1
